 Dungeon Crawl Stone Soup version 0.17.0-24-gcfadda4 (webtiles) character file.

1823 ASSMAN the Covert (level 9, 0/73 HPs)
             Began as a Naga Assassin on Nov 15, 2015.
             Was an Initiate of Cheibriados.
             Slain by Prince Ribbit (7 damage)
             ... on level 6 of the Dungeon.
             The game lasted 00:14:02 (6245 turns).

ASSMAN the Covert (Naga Assassin)                   Turns: 6245, Time: 00:14:02

Health: 0/73       AC:  6    Str: 18    XL:     9   Next: 10%
Magic:  9/9        EV:  9    Int: 13    God:    Cheibriados [......]
Gold:   310        SH:  0    Dex: 13    Spells: 0 memorised, 8 levels left

rFire  . . .     SeeInvis +     h - +1 great sword (flame)
rCold  . . .     Clarity  .     p - +0 leather armour
rNeg   . . .     SustAt   .     (shield currently unavailable)
rPois  +         Gourm    .     (no helmet)
rElec  .         Spirit   .     d - +0 cloak
rCorr  .         Warding  .     F - +0 pair of gloves
rMut   .         Stasis   .     (no barding)
MR     +....                    (no amulet)
Stlth  ++++++....               (no ring)
                                (no ring)

@: very slow, somewhat resistant to hostile enchantments, very stealthy
A: see invisible, deformed body, poison resistance, slowness 2, slow metabolism
1, spit poison 2, AC +3
a: Spit Poison, Bend Time, Renounce Religion


You were on level 6 of the Dungeon.
You worshipped Cheibriados.
Cheibriados was noncommittal.
You were not hungry.

You visited 2 branches of the dungeon, and saw 7 of its levels.
You also visited: Sewer.

You collected 310 gold pieces.

Inventory:

Hand Weapons
 a - a +2 dagger
 b - a +0 blowgun
 h - a +1 great sword of flaming (weapon)
 i - a +3 whip of draining
 t - a +2 vampiric dagger
Missiles
 e - 24 poisoned needles
 f - a curare-tipped needle
 l - 7 needles of slowing
Armour
 c - a +0 robe
 d - a +0 cloak (worn)
 p - a +0 leather armour (worn)
 r - a +2 ring mail of fire resistance
 F - a +0 pair of gloves (worn)
Wands
 s - a wand of magic darts (13)
 v - a wand of frost (5)
 w - a wand of magic darts (37)
Scrolls
 j - 4 scrolls of identify
 k - a scroll of fear
 x - 2 scrolls of remove curse
 A - a scroll of fog {unknown}
 D - a scroll of amnesia {unknown}
Potions
 n - a potion of mutation {unknown}
 o - 2 potions of flight
 q - a potion of agility {unknown}
 z - a potion of curing
 B - a potion of degeneration {unknown}
 E - a potion of might {unknown}
Comestibles
 g - 4 bread rations
 m - a royal jelly
 u - 2 beef jerkies
 C - 5 chunks of flesh


   Skills:
 - Level 2.0 Fighting
 - Level 2.0(5.4) Short Blades
 + Level 8.0(8.1) Long Blades
 - Level 1.7 Throwing
 - Level 0.7 Dodging
 - Level 13.3 Stealth


You had 8 spell levels left.
You didn't know any spells.

Dungeon Overview and Level Annotations

Branches:
Dungeon (6/15)             Temple (1/1) D:6

Altars:
Ashenzari
Cheibriados
Dithmenos
Elyvilon
Fedhas
Gozag
Kikubaaqudgha
Makhleb
Nemelex Xobeh
Okawaru
Qazlal
Ru
Sif Muna
Trog
Vehumet
Xom
Yredelemnul
The Shining One

Annotations:
D:3 gw's ghost, weakling HEHu
D:4 apoch's ghost, amateur OpAs
D:6 Prince Ribbit


Innate Abilities, Weirdness & Mutations

You cannot wear boots.
Your serpentine skin is tough (AC +3).
You have supernaturally acute eyesight.
Armour fits poorly on your strangely shaped body.
Your system is resistant to poisons.
You cover ground very slowly.
You have a slow metabolism.
You can spit poison.


Message History

You miss Prince Ribbit.
Prince Ribbit is lightly wounded.
Prince Ribbit hits you but does no damage.
Prince Ribbit hits you!
You miss Prince Ribbit.
Prince Ribbit is lightly wounded.
Prince Ribbit barely misses you. Prince Ribbit hits you!
You closely miss Prince Ribbit.
Prince Ribbit is lightly wounded.
Prince Ribbit hits you!!
* * * LOW HITPOINT WARNING * * *
You are too injured to fight recklessly!
Throwing (i - inventory):
y - a throwing net (quivered)
Press: ? - help, Shift-Dir - straight line, f - Prince Ribbit
Aim: Prince Ribbit (lightly wounded)
You throw a throwing net. The throwing net misses Prince Ribbit.
Prince Ribbit hits you!
* * * LOW HITPOINT WARNING * * *
Prince Ribbit hits you!
You die...

##.# #.##.# #..#####...## #.##...
##.###(##.# .........# #.##.##
....##.##.# .####....# #.#..#
....##.##.# ####....# #.#.##
....##.##.# ........####.#.##
....##.##.# ####.........#..#
....# #.###########..#######.##
....##.##......F.................
######..........@####..######..##
#########...# ##.># #.## #
#.....<.....# #...# #.# #
#.####.##...# #.#.# #.## # #.#
#.##...# #.#.# #..# # #.#
#.##...# #.#.# ##.# # #.#
#.###..###.#.# #..# # #.#
#......##..#.# #.## # #.#
######.##.##.# #.#


You could see Prince Ribbit.

Vanquished Creatures
  Pikel (D:6)
  Eustachio (D:5)
  A sky beast (D:4)
  2 ogres
  A centaur (D:6)
  Blork the orc (D:6)
  A giant frog (D:6)
  A big kobold (Sewer)
  A scorpion (D:4)
  A hound (D:4)
  2 crimson imps
  A giant frog zombie (D:6)
  2 iguanas
  2 jellies (D:6)
  A giant frog skeleton (D:5)
  5 worker ants
  A hound zombie (D:5)
  3 hound skeletons
  8 adders
  A river rat (Sewer)
  3 gnolls (D:5)
  An ooze (D:4)
  A worm (D:2)
  A giant gecko (D:2)
  7 orcs
  A ball python (D:2)
  3 giant cockroaches
  10 goblins
  6 hobgoblins
  6 jackals
  9 kobolds
  3 quokkas
  6 bats
  7 giant newts
  A jackal skeleton (D:4)
  11 rats
113 creatures vanquished.

Notes
Turn   | Place    | Note
--------------------------------------------------------------
     0 | D:1      | ASSMAN the Naga Assassin began the quest for the Orb.
     0 | D:1      | Reached XP level 1. HP: 19/19 MP: 1/1
   178 | D:1      | Reached skill level 6 in Stealth
   592 | D:1      | Reached XP level 2. HP: 23/26 MP: 2/2
   912 | D:2      | Reached skill level 7 in Stealth
  1229 | D:2      | Reached XP level 3. HP: 23/32 MP: 3/3
  1403 | D:2      | Found an ancient bone altar of Kikubaaqudgha.
  1617 | D:2      | Reached skill level 8 in Stealth
  1700 | D:2      | Reached XP level 4. HP: 14/39 MP: 4/4
  2427 | D:3      | Found a glowing drain.
  2435 | Sewer    | Entered a sewer
  2439 | Sewer    | Reached skill level 9 in Stealth
  2499 | Sewer    | Noticed a big kobold
  2529 | Sewer    | Killed a big kobold
  2529 | Sewer    | Reached skill level 10 in Stealth
  2529 | Sewer    | Reached XP level 5. HP: 28/45 MP: 5/5
  2715 | Sewer    | Found a white marble altar of Elyvilon.
  2992 | D:3      | Noticed gw's ghost (weakling HEHu)
  3008 | D:4      | Reached XP level 6. HP: 42/52 MP: 6/6
  3141 | D:4      | Reached skill level 11 in Stealth
  3472 | D:4      | Found an opulent altar of Gozag.
  3543 | D:4      | Found an ancient bone altar of Kikubaaqudgha.
  3543 | D:4      | Found a deep blue altar of Sif Muna.
  3696 | D:4      | Noticed apoch's ghost (amateur OpAs)
  3699 | D:5      | Entered Level 5 of the Dungeon
  3758 | D:5      | Noticed Eustachio
  3766 | D:5      | Reached skill level 12 in Stealth
  3799 | D:5      | Killed Eustachio
  3799 | D:5      | Reached XP level 7. HP: 45/60 MP: 7/7
  3855 | D:4      | Reached skill level 13 in Stealth
  4518 | D:5      | Reached skill level 1 in Long Blades
  4538 | D:5      | HP: 2/60 [ogre/giant spiked club (12)]
  4810 | D:5      | Reached XP level 8. HP: 46/67 MP: 8/8
  5388 | D:6      | Found a staircase to the Ecumenical Temple.
  5399 | Temple   | Entered the Ecumenical Temple
  5483 | Temple   | Became a worshipper of Cheibriados the Contemplative
  5734 | D:6      | Noticed Pikel
  5743 | D:6      | Found a sparkling altar of Nemelex Xobeh.
  5760 | D:6      | Noticed Blork the orc
  5768 | D:6      | Killed Blork the orc
  5768 | D:6      | Reached skill level 5 in Long Blades
  5905 | D:6      | Noticed Prince Ribbit
  6123 | D:6      | Killed Pikel
  6123 | D:6      | Reached XP level 9. HP: 73/73 MP: 9/9
  6245 | D:6      | Slain by Prince Ribbit

Action                   |  1- 3 |  4- 6 |  7- 9 || total
-------------------------+-------+-------+-------++-------
Melee: Dagger            |    67 |    91 |       ||   158
       Whip              |       |    96 |    34 ||   130
       Great sword       |       |       |    83 ||    83
 Fire: Blowgun           |       |    11 |     8 ||    19
Throw: Throwing net      |       |       |     3 ||     3
 Abil: Spit Poison       |     2 |    12 |     7 ||    21
  Use: Potion            |     1 |     4 |     1 ||     6
       Scroll            |       |     8 |       ||     8
 Stab: Sleeping          |    11 |    13 |    15 ||    39
       Held in net/web   |       |       |     1 ||     1
  Eat: Chunk             |     2 |     2 |     3 ||     7
       Bread ration      |       |     2 |     1 ||     3
